 Dungeon Crawl Stone Soup version 0.26.1-11-gd32895ea62 (webtiles) character file.

Game seed: 11557095634797373066

23 JBAR the Firebug (level 2, -1/20 HPs)
             Began as a Draconian Fire Elementalist on July 21, 2021.
             Slain by a worm (10 damage)
             ... on level 2 of the Dungeon.
             The game lasted 00:02:46 (1541 turns).

JBAR the Firebug (Draconian Fire Elementalist)      Turns: 1541, Time: 00:02:47

Health: -1/20      AC:  4    Str: 10    XL:     2   Next: 75%
Magic:  1/5        EV: 12    Int: 15    God:
Gold:   95         SH:  0    Dex: 11    Spells: 4/5 levels left

rFire    . . .     SeeInvis .   a - +0 spear
rCold    . . .     Faith    .   (no shield)
rNeg     . . .     Spirit   .   (armour unavailable)
rPois    .         Reflect  .   (helmet restricted)
rElec    .         Harm     .   (no cloak)
rCorr    .         Rampage  .   (no gloves)
Will     .....                  (no boots)
Stlth    ++........             (no amulet)
HPRegen  0.06/turn              (no ring)
MPRegen  0.09/turn              (no ring)

@: no status effects
A: unfitting armour, cold-blooded, AC +4
a: no special abilities


You were on level 2 of the Dungeon.
You visited 1 branch of the dungeon, and saw 2 of its levels.

You collected 95 gold pieces.

Inventory:

Hand Weapons
 a - a +0 spear (weapon)
Scrolls
 c - 5 scrolls of remove curse
 e - a scroll of magic mapping
 f - a scroll of teleportation
Potions
 d - a potion of curing


   Skills:
 + Level 0.2 Fighting
 * Level 1.8 Dodging
 + Level 1.8 Stealth
 * Level 2.2 Spellcasting
 * Level 1.0 Conjurations
 * Level 3.7 Fire Magic


You had 4 spell levels left.
You knew the following spells:

 Your Spells              Type           Power        Failure   Level
a - Foxfire               Conj/Fire      32%          9%          1

Your spell library contained the following spells:

 Spells                   Type           Power        Failure   Level
 Conjure Flame            Conj/Fire      8%           24%         3
 Inner Flame              Hex/Fire       7%           30%         3
 Sticky Flame             Conj/Fire      8%           63%         4
 Fireball                 Conj/Fire      4%           92%         5


Dungeon Overview and Level Annotations

Branches:
Dungeon (2/15)

Altars:

Annotations:
D:2 Terence


Innate Abilities, Weirdness & Mutations

Your plain brown scales are hard. (AC +4)
You cannot fit into any form of body armour.
You are cold-blooded and may be slowed by cold attacks.


Message History

Found a scroll of teleportation.
Terence hits you from afar with a +0 trident.
Terence says, "Did you write a will?
You should..."
Terence hits you from afar with a +0 trident!
Terence hits you but does no damage.
You conjure some foxfire!
Terence hits you from afar with a +0 trident.
Your foxfire dissipates!
The foxfire hits Terence but does no damage.
Terence is lightly wounded.
Okay, then.
Terence hits you from afar with a +0 trident.
Reach: a) +0 spear
Press: ? - help, Dir - move target, f - Terence
Aim: Terence, wielding a +0 trident and wearing a +0 chain mail (lightly wounded)
You reach to attack!
You barely miss Terence.
Terence is lightly wounded.
The worm bites you!
Ouch! That really hurt!
You die...

...... #.#########.###
.#?#..##.## #...#####
..........# ###.#......
.#.#.##...#
####......####
......#...###....######
. .#..........####...#
............# #.#.#
.#.........#####.#.#
...##.....@w@..#.#.#
... ##########.#.#.# ..
#....#.# ####...#
#####.##########
#..............#
#.###.#.#####.#####
#.#.# ###.#...#
#.#.###[......#


You could see Terence and a worm.

Vanquished Creatures
  An adder (D:2)
  A leopard gecko (D:1)
  4 goblins
  2 kobolds
  A quokka (D:2)
  2 bats (D:1)
  A frilled lizard (D:2)
  3 rats (D:1)
15 creatures vanquished.

Vanquished Creatures (others)
  36 foxfires
36 creatures vanquished.

Grand Total: 51 creatures vanquished

Notes
Turn   | Place    | Note
-------+----------+-------------------------------------------
     0 | D:1      | JBAR the Draconian Fire Elementalist began the quest for
                  | the Orb.
     0 | D:1      | Reached XP level 1. HP: 14/14 MP: 3/3
   965 | D:1      | Reached XP level 2. HP: 20/20 MP: 0/5
  1519 | D:2      | Noticed Terence
  1541 | D:2      | Slain by a worm

Illustrated notes

Levels and vault maps discovered:
D:1:      wander_arrival_estate, layout_basic
D:2:      layout_loops_ring, serial_co_window_serial, co_window_paths_a,
          co_window_paths_b, co_window_of_opportunity_a, co_window_paths_b,
          co_window_cross_1, co_window_of_opportunity_a, co_window_corner_b,
          co_window_broadway_c, co_window_broadway_b, co_window_corner_b,
          co_window_paths_e, glass_columns_b, glass_columns_a, glass_columns_b,
          corexii_corridor_pit, uniq_terence

Action                   || total
-------------------------++-------
Melee: Spear             ||    14
       Tailslap          ||     1
 Cast: Foxfire           ||    25
  Use: Scroll            ||     4
 Stab: Sleeping          ||     1
Armor: Skin              ||     6
Dodge: Dodged            ||     5
